 Dungeon Crawl Stone Soup version 0.32-a0-132-g2d33c3cfaf (webtiles) character file.

Game seed: 3877813318300661811

5845 Newt the Fighter (level 10, -3/88 HPs)
             Began as a Barachi Fighter on Feb 9, 2024.
             Killed from afar by a fire dragon (57 damage)
             ... with a blast of flame
             ... on level 9 of the Dungeon.
             The game lasted 00:11:29 (8512 turns).

Newt the Fighter (Barachi Fighter)                  Turns: 8512, Time: 00:11:30

Health: -3/88      AC:  6    Str: 23    XL:     10   Next: 80%
Magic:  10/10      EV: 18    Int:  8    God:
Gold:   629        SH:  4    Dex: 11    Spells: 9/9 levels left

rFire   . . .        a - +0 long sword (heavy)
rCold   . . .        c - +0 buckler
rNeg    + . .        q - +1 troll leather armour {Pargi}
rPois   .            (helmet restricted)
rElec   .            x - +0 cloak
rCorr   .            (no gloves)
SInv    .            (no boots)
Will    .....        (no amulet)
Stlth   +            s - +5 ring of evasion
HPRegen 1.14/turn    p - ring of positive energy
MPRegen 0.12/turn

%: no passive effects
@: slow
A: amphibious, slowness 1, strong legs 1, +LOS, fangs 1, horns 1, screaming 1
a: Hop


You were on level 9 of the Dungeon.
You visited 1 branch of the dungeon, and saw 9 of its levels.
You also visited: Sewer.

You collected 629 gold pieces.

Inventory:

Hand Weapons
 a - a +0 heavy long sword (weapon)
 f - a +1 rapier of venom
 J - a +1 falchion of holy wrath
Missiles
 e - an atropa-tipped dart
 r - 4 javelins
 E - 4 poisoned darts (quivered)
Armour
 b - a +0 scale mail
 c - a +0 buckler (worn)
 q - a +1 troll leather armour (worn) {Pargi}
 x - a +0 cloak (worn)
 y - +0 swamp dragon scales
 F - a +0 helmet
 H - a +0 chain mail of fire resistance
Jewellery
 p - a ring of positive energy (right hand)
 s - a +5 ring of evasion (left hand)
 A - a ring of wizardry
Wands
 C - a wand of iceblast (4)
 K - a wand of polymorph (9)
Scrolls
 j - 3 scrolls of teleportation
 m - 2 scrolls of amnesia
 u - a scroll of fog
 w - a scroll of enchant weapon
 D - a scroll of revelation
 G - a scroll of identify
 I - 2 scrolls of blinking
Potions
 d - a potion of invisibility {unknown}
 h - 2 potions of enlightenment
 i - a potion of degeneration
 k - 2 potions of attraction
 l - a potion of curing
 n - 2 potions of haste {unknown}
 o - a potion of cancellation
 t - a potion of resistance
 v - a potion of mutation
 z - a potion of magic
 B - a potion of lignification


   Skills:
 + Level 11.6 Fighting
 * Level 6.7 Long Blades
 - Level 6.5 Throwing
 - Level 7.8 Armour
 - Level 6.5 Dodging
 - Level 3.2 Shields
 - Level 5.1 Evocations


You had 9 spell levels left.
You didn't know any spells.
Your spell library contained the following spells:

 Spells                   Type           Power      Damage    Failure   Level
 Apportation              Tloc           0%         N/A       52%         1
 Necrotise                Necr           0%         1d4       52%         1
 Sting                    Conj/Alch      0%         1d3       52%         1
 Summon Small Mammal      Summ           0%         N/A       52%         1
 Ensorcelled Hibernation  Hex/Ice        0%         N/A       65%         2
 Hailstorm                Conj/Ice       0%         3d5       87%         3
 Passwall                 Erth           0%         N/A       87%         3
 Summon Ice Beast         Ice/Summ       0%         N/A       87%         3
 Swiftness                Air            0%         N/A       87%         3
 Sculpt Simulacrum        Ice/Alch       0%         N/A       100%        6


Dungeon Overview and Level Annotations

Branches:
Dungeon (9/15)              Sewer (visited)
 Temple: D:4-7         Lair: D:8-11         Orc: D:9-12

Altars:
Dithmenos
Elyvilon
Gozag
Kikubaaqudgha
Yredelemnul
Zin


Innate Abilities, Weirdness & Mutations

You are amphibious.
You cover ground slowly.
You can hop short distances.
You have an extended range of vision and can be seen from far away.
You have very sharp teeth.
You have a pair of small horns on your head.
You occasionally shout uncontrollably at your foes.


Message History

The fire dragon misses you. The fire dragon completely misses you.
The fire dragon tramples you but does no damage.
Your howler monkey barely misses the bullfrog.
The bullfrog barely misses your howler monkey.
A cyclops comes into view.
The fire dragon bites you. The fire dragon completely misses you.
The fire dragon tramples you!
You stumble backwards!
Your howler monkey barely misses the bullfrog.
The cyclops moves out of view.
Unknown command.
You barely miss the fire dragon. You headbutt the fire dragon.
The fire dragon is heavily wounded.
The bullfrog closely misses your howler monkey.
You block the fire dragon's attack. The fire dragon barely misses you. x2
Your howler monkey barely misses the purple ugly thing.
Unknown command.
Unknown command.
You hit the fire dragon but do no damage.
Your headbutt misses the fire dragon.
You bite the fire dragon, but do no damage.
The fire dragon is heavily wounded.
Your howler monkey hits the fire dragon.
The fire dragon bites you! The fire dragon barely misses you.
The fire dragon tramples you.
You stumble backwards!
Your howler monkey hits the bullfrog.
The fire dragon bites you but does no damage.
The fire dragon claws you. The fire dragon barely misses you.
The bullfrog hits your howler monkey!
Something barely misses your howler monkey.
Your howler monkey hits the bullfrog.
You barely miss the fire dragon.
You headbutt the fire dragon, but do no damage.
The fire dragon is heavily wounded.
The bullfrog hits your howler monkey!
Your howler monkey dies!
Your howler monkey's corpse dissolves into shadows!
The fire dragon breathes flames at you. The blast of flame hits you!!!
Ouch! That really hurt!
You die...

#.# #.......# #.#
#.......##### ###
.#.##............
..###
.#.#.......#####
##...##.##......[.#
#).C#.##.#........#
#
#.#F.#..#........#
# #..D#..#........#
##.#@##..†......#
#.##.##.........#
..# .###.........#
.#. .. #.........#
# . ##. #.........#
# ## #.........#
#.........#
.#........# #
..#.........


You could see a fire dragon (catching breath), a cyclops and a bullfrog
(unaware).

Vanquished Creatures
  A two-headed ogre (D:8)
  Pikel (D:7)
  The ghost of Biggs the Insei, a novice KoMo of Dithmenos (D:5)
  Joseph (D:7)
  5 yaks (D:8)
  A wyvern (D:8)
  A steam dragon (D:9)
  Menkaure (D:5)
  An orc warrior (D:8)
  Pargi (Sewer)
  Duvessa (D:4)
  An ice beast (D:5)
  4 kobold brigands
  3 lemures (D:7)
  3 centaurs
  2 phantoms
  A brain worm (Sewer)
  A gnoll sergeant (D:7)
  A scorpion (D:5)
  4 wights
  Dowan (D:4)
  5 killer bees
  4 howler monkeys
  2 bombardier beetles
  2 jellies
  5 hounds
  3 orc priests (D:8)
  2 sleepcaps
  5 iguanas
  6 orc wizards
  Natasha (thrice) (D:3)
  8 gnolls (D:7)
  14 adders
  4 shadow imps
  2 ufetubi (D:5)
  2 ribbon worms
  2 dart slugs
  17 orcs
  3 endoplasms
  9 giant cockroaches
  6 goblins
  9 hobgoblins
  6 jackals
  3 quokkas (D:3)
  9 ball pythons
  4 bats
  10 frilled lizards
  24 kobolds
  4 rats
209 creatures vanquished.

Vanquished Creatures (collateral kills)
  A centaur (D:9)
1 creature vanquished.

Grand Total: 210 creatures vanquished

Notes
Turn   | Place    | Note
-------+----------+-------------------------------------------
     0 | D:1      | Newt the Barachi Fighter began the quest for the Orb.
     0 | D:1      | Reached XP level 1. HP: 18/18 MP: 1/1
   188 | D:1      | Reached XP level 2. HP: 25/25 MP: 2/2
   394 | D:1      | Reached skill level 4 in Fighting
   554 | D:1      | Reached XP level 3. HP: 25/30 MP: 3/3
   738 | D:2      | Found an ancient bone altar of Kikubaaqudgha.
  1338 | D:3      | Reached XP level 4. HP: 38/38 MP: 4/4
  1401 | D:3      | Noticed Natasha
  1412 | D:3      | Killed Natasha
  1416 | D:3      | Noticed Natasha
  1420 | D:3      | Reached skill level 5 in Long Blades
  1428 | D:3      | Killed Natasha
  1429 | D:3      | Reached XP level 5. HP: 3/43 MP: 5/5
  1462 | D:3      | Noticed Natasha
  1463 | D:3      | Killed Natasha
  1464 | D:3      | Reached skill level 5 in Fighting
  1724 | D:3      | Found a basalt altar of Yredelemnul.
  1849 | D:3      | Found a glowing drain.
  1867 | Sewer    | Entered a sewer
  1874 | Sewer    | Reached XP level 6. HP: 46/51 MP: 6/6
  1974 | Sewer    | Noticed Pargi
  1990 | Sewer    | Killed Pargi
  2280 | D:3      | Found a faded altar of an unknown god.
  2750 | D:4      | Reached skill level 1 in Dodging
  2756 | D:4      | Reached skill level 6 in Fighting
  2916 | D:4      | Reached XP level 7. HP: 58/58 MP: 7/7
  2976 | D:4      | Noticed Duvessa
  2976 | D:4      | Noticed Dowan
  2988 | D:4      | Killed Duvessa
  2991 | D:4      | Killed Dowan
  3180 | D:4      | Found an opulent altar of Gozag.
  3354 | D:5      | Entered Level 5 of the Dungeon
  3369 | D:5      | Reached skill level 7 in Fighting
  3374 | D:5      | Reached XP level 8. HP: 60/67 MP: 8/8
  3401 | D:5      | Reached skill level 5 in Dodging
  3465 | D:5      | Noticed Menkaure
  3473 | D:5      | Killed Menkaure
  3605 | D:5      | Found a runed translucent door.
  3616 | D:5      | Noticed Biggs's ghost (novice KoMo)
  3967 | D:5      | Killed Biggs's ghost
  3968 | D:5      | Reached skill level 8 in Fighting
  4064 | D:6      | Reached XP level 9. HP: 50/75 MP: 9/9
  4289 | D:6      | Found an ancient bone altar of Kikubaaqudgha.
  4404 | D:6      | Reached skill level 9 in Fighting
  4813 | D:6      | Gained mutation: You occasionally shout uncontrollably at
                  | your foes. [potion of mutation]
  4813 | D:6      | Gained mutation: Your flesh is cold resistant. (rC+)
                  | [potion of mutation]
  4813 | D:6      | Gained mutation: You occasionally lose the ability to drink
                  | potions when taking damage. [potion of mutation]
  4813 | D:6      | Gained mutation: You have a pair of small antennae on your
                  | head. [potion of mutation]
  4814 | D:6      | Lost mutation: Your flesh is cold resistant. (rC+) [potion
                  | of mutation]
  4814 | D:6      | Lost mutation: You have a pair of small antennae on your
                  | head. [potion of mutation]
  4814 | D:6      | Lost mutation: You occasionally lose the ability to drink
                  | potions when taking damage. [potion of mutation]
  4814 | D:6      | Gained mutation: You have a pair of small horns on your
                  | head. [potion of mutation]
  4814 | D:6      | Gained mutation: You have very sharp teeth. [potion of
                  | mutation]
  4916 | D:7      | Noticed Pikel
  4952 | D:7      | Killed Pikel
  5386 | D:7      | Noticed Joseph
  5539 | D:7      | Killed Joseph
  5540 | D:7      | Reached skill level 10 in Fighting
  5540 | D:7      | Reached skill level 5 in Throwing
  6116 | D:8      | Reached XP level 10. HP: 30/84 MP: 10/10
  6915 | D:8      | Reached skill level 1 in Evocations
  7159 | D:8      | Found a shadowy altar of Dithmenos.
  7509 | D:8      | Found a glowing silver altar of Zin.
  7510 | D:8      | Found a white marble altar of Elyvilon.
  7548 | D:9      | Noticed a two-headed ogre
  7566 | D:8      | HP: 3/86 [two-headed ogre/+0 giant club (10)]
  7567 | D:8      | Killed a two-headed ogre
  7568 | D:8      | Reached skill level 11 in Fighting
  8177 | D:8      | HP: 4/88 [killer bee (5)]
  8187 | D:8      | Reached skill level 5 in Evocations
  8500 | D:9      | Noticed a fire dragon
  8501 | D:9      | Noticed a purple ugly thing
  8509 | D:9      | Noticed a cyclops
  8512 | D:9      | Killed from afar by a fire dragon

Illustrated notes

Levels and vault maps discovered:
D:1:      spicycebolla_arrival_clurvy, layout_basic, grunt_decor_junction
D:2:      layout_rooms, basic_altar, nicolae_twisty_statue_hallways
D:3:      layout_loops_ring, nicolae_overflow_crystal_walls,
          gup_sewer_entry_pipe, shapermc_ecumenical_altar_mp_urbaneastern,
          chequers_serial_rivers_small_a, wad_rectangle_vault, uniq_natasha
D:4:      layout_cave_pools, kennysheep_mini, uniq_duvessa
D:5:      layout_cave_pools, ebering_ghost_reflecting_pool, uniq_menkaure
D:6:      layout_basic, kiku_gazebo_pond_becter, kennysheep_generic_room_4
D:7:      layout_basic, minmay_temple_entry_from_below_b, uniq_pikel,
          uniq_joseph
D:8:      layout_basic, minitemple
D:9:      minmay_ornate_pinched, layout_irregular_city,
          mainiacjoe_overflow_six_doors_small, uniq_maurice, uniq_jeremiah

Skill      XL: |  1  2  3  4  5  6  7  8  9 10 |
---------------+-------------------------------+-----
Long Blades    | 3 4 5 6 |  6.7
Fighting       | 4 5 6 7 8 10 11 | 11.6
Armour         | 4 6 7 |  7.8
Dodging        | 1 4 6 |  6.5
Throwing       | 5 6 |  6.5
Evocations     | 5 |  5.1
Shields        | |  3.2

Action                     |  1- 3 |  4- 6 |  7- 9 | 10-12 || total
---------------------------+-------+-------+-------+-------++-------
  Melee: Long sword        |    17 |    44 |   251 |   148 ||   460
         Rapier            |    87 |   110 |       |       ||   197
         Headbutt          |       |       |    14 |    32 ||    46
         Falchion          |       |       |    10 |    36 ||    46
         Bite              |       |       |     8 |    19 ||    27
  Throw: Dart              |       |       |     8 |    26 ||    34
Ability: Hop               |       |       |       |     1 ||     1
  Evoke: Wand              |       |       |     2 |     2 ||     4
    Use: Potion            |       |     1 |     9 |     3 ||    13
         Scroll            |       |     9 |     7 |     2 ||    18
   Stab: Invisible         |       |       |     1 |       ||     1
 Armour: Scale mail        |    67 |   104 |       |       ||   171
         Troll leather arm |       |    67 |   207 |   199 ||   473
  Dodge: Dodged            |    40 |    92 |   370 |   275 ||   777
  Block: Buckler           |    19 |    41 |    82 |    64 ||   206

Table legend: (Time is in decaauts)
 A = Elapsed time spent in this place.
 B = Non-inter-level travel time spent in this place.
 C = Inter-level travel time spent in this place.
 D = Time resting spent in this place.
 E = Time spent auto-exploring this place.
 F = Levels seen in this place.
 G = Mean time per level.
                   A        B        C        D        E       F      G
               +--------+--------+--------+--------+--------+-----+--------+
         Total |   9811 |   9377 |    434 |   2079 |   5226 |  10 |  981.1 |
       Dungeon |   9421 |   8987 |    434 |   2035 |   4983 |   9 | 1046.8 |
         Sewer |    389 |    389 |      0 |     44 |    242 |   1 |  389.0 |
               +--------+--------+--------+--------+--------+-----+--------+

Top non-repeatable levels by time:
     D:8: 2575 daAuts
     D:7: 1223 daAuts
     D:6: 1175 daAuts
     D:3: 1094 daAuts
     D:4: 850 daAuts
     D:5: 793 daAuts
     D:1: 785 daAuts
     D:2: 762 daAuts
   Sewer: 389 daAuts
     D:9: 161 daAuts
